 Dungeon Crawl Stone Soup version 0.30-a0-313-gae38170b09 (webtiles) character file.

Game seed: 12409326384068904332

88 Devinter the Conjurer (level 4, -5/31 (33) HPs)
             Began as a Demigod Conjurer on Oct 26, 2022.
             Slain by Crazy Yiuf
             ... wielding a +3 quarterstaff of chaos
              (10 damage)
             ... on level 2 of the Dungeon.
             The game lasted 00:10:01 (1508 turns).

Devinter the Conjurer (Demigod Conjurer)            Turns: 1508, Time: 00:10:02

HP:   -5/31 (33)    AC:  2    Str:  8    XL:     4   Next: 8%
MP:   6/11          EV: 12    Int: 24    God:
Gold: 73            SH:  0    Dex: 12    Spells: 2/8 levels left

rFire   . . .      SeeInvis .    e - +0 dagger
rCold   . . .      Faith    .    (no shield)
rNeg    . . .      Spirit   .    a - +0 robe
rPois   .          Reflect  .    (no helmet)
rElec   .          Harm     .    (no cloak)
rCorr   .          Rampage  .    (no gloves)
Will    .....                    (no boots)
Stlth   ++........               (no amulet)
HPRegen 0.25/turn                (no ring)
MPRegen 0.12/turn                (no ring)

@: drained
A: high MP 1, forlorn, divine attributes
a: no special abilities


You were on level 2 of the Dungeon.
You visited 1 branch of the dungeon, and saw 2 of its levels.

You collected 73 gold pieces.

Inventory:

Hand Weapons
 e - a +0 dagger (weapon)
Missiles
 i - 2 boomerangs
Armour
 a - a +0 robe (worn)
Scrolls
 f - a scroll of vulnerability {unknown}
 g - a scroll of fear {unknown}
 h - a scroll of identify {unknown}
 j - 2 scrolls of noise {unknown}
 k - a scroll of enchant armour {unknown}
 m - a scroll of enchant weapon {unknown}
Potions
 b - a potion of magic
 c - 2 potions of heal wounds {unknown}
 d - a potion of haste {unknown}
 l - a potion of might {unknown}


   Skills:
 - Level 2.0 Dodging
 - Level 2.0 Stealth
 + Level 2.8 Spellcasting
 - Level 4.0 Conjurations
 + Level 1.8 Ice Magic


You had 2 spell levels left.
You knew the following spells:

 Your Spells              Type           Power      Damage    Failure   Level
a - Magic Dart            Conj           88%        1d7       2%          1
b - Searing Ray           Conj           44%        2d6       3%          2
c - Ozocubu's Armour      Ice            12%        N/A       16%         3

Your spell library contained the following spells:

 Spells                   Type           Power      Damage    Failure   Level
 Dazzling Flash           Conj/Hex       24%        N/A       14%         3
 Fulminant Prism          Conj/Hex       6%         3d7       43%         4
 Iskenderun's Mystic Bla  Conj/Tloc      12%        2d5       43%         4
 Ozocubu's Refrigeration  Ice            6%         4d8       100%        7


Dungeon Overview and Level Annotations

Branches:
Dungeon (2/15)

Shops:
D:1 :

Annotations:
D:2 Crazy Yiuf


Innate Abilities, Weirdness & Mutations

You have an increased reservoir of magic. (+10% MP)
You shall have no god before yourself.
Your divine heritage dramatically boosts your attributes as you level up.


Message History

You start resting.
Magic restored.
j - 2 scrolls labelled PEOJUG RYDA
k - a scroll labelled LOMO LUONABIF
Found a stone staircase leading down.
Found a stone staircase leading up and a stone staircase leading down.
Found an amethyst potion.
Found an escape hatch in the ceiling.
Found a scroll labelled GITTE TIW COS.
l - an amethyst potion
There is an escape hatch in the ceiling here.
m - a scroll labelled GITTE TIW COS
Found a hammer.
Found a runed translucent door.
Crazy Yiuf shouts!
Crazy Yiuf grits, "Blight bush shoe!"
You open the door.
Casting: Magic Dart (safe; 2% risk of failure)
Confirm with . or Enter, or press ? or * to list all spells.
Aiming: Searing Ray (safe; 3% risk of failure)
Press: ? - help, Shift-Dir - straight line The searing ray misses Crazy Yiuf. (Press . to maintain the ray.) Crazy Yiuf hits you with a +3 quarterstaff of chaos.
Crazy Yiuf burns you.
The searing ray hits Crazy Yiuf.
Crazy Yiuf is moderately wounded.
Crazy Yiuf sings, "Trees, trees, trees, circus!"
Crazy Yiuf hits you with a +3 quarterstaff of chaos!
You feel drained.
The searing ray hits Crazy Yiuf!
Crazy Yiuf is severely wounded.
Crazy Yiuf says, "Spliff hand leg!"
Crazy Yiuf barely misses you.
The searing ray hits Crazy Yiuf but does no damage.
Crazy Yiuf is severely wounded.
You finish channelling your searing ray.
Crazy Yiuf hits you with a +3 quarterstaff of chaos!
* * * LOW HITPOINT WARNING * * *
You are electrocuted!
You die...

#.# #..#......
#####.#
#.#.#.....
#.....#
#.#.......
#######
#.#.#.#...
##.....###
#.#.###... ####♣♣
### ###.######
##...P♣♣ ♣♣#..)#
#...#.....
#.....P♣♣♣♣@g...#
#####.####
#....P..♣..♣#...#
#.# #......♣.♣♣♣
### ##.##
##.##♣♣♣♣♣
####...# #.#
#....#.# #.####
####...# #.##.#
##### #....#
####.#


You could see Crazy Yiuf.

Vanquished Creatures
  Jessica (D:2)
  2 adders (D:2)
  A dart slug (D:1)
  3 ball pythons
  5 endoplasms
  3 hobgoblins
  8 jackals
  2 kobolds
  2 quokkas (D:1)
  4 bats
  4 frilled lizards
  A goblin (D:1)
  2 rats
38 creatures vanquished.

Notes
Turn   | Place    | Note
-------+----------+-------------------------------------------
     0 | D:1      | Devinter the Demigod Conjurer began the quest for the Orb.
     0 | D:1      | Reached XP level 1. HP: 14/14 MP: 5/5
    74 | D:1      | Found Peekenny's Vocational Training.
   166 | D:1      | Reached skill level 2 in Dodging
   166 | D:1      | Reached skill level 2 in Stealth
   204 | D:1      | Reached skill level 2 in Spellcasting
   209 | D:1      | Reached XP level 2. HP: 20/20 MP: 0/7
   212 | D:1      | Learned a level 2 spell: Searing Ray
  1059 | D:2      | Reached skill level 4 in Conjurations
  1059 | D:2      | Reached XP level 3. HP: 24/26 MP: 6/9
  1163 | D:2      | Noticed Jessica
  1184 | D:2      | Reached skill level 1 in Ice Magic
  1184 | D:2      | Killed Jessica
  1276 | D:2      | Learned a level 3 spell: Ozocubu's Armour
  1377 | D:2      | Reached XP level 4. HP: 33/33 MP: 7/11
  1500 | D:2      | Found a runed translucent door.
  1501 | D:2      | Noticed Crazy Yiuf
  1508 | D:2      | Slain by Crazy Yiuf

Illustrated notes

Levels and vault maps discovered:
D:1:      psy_arrival_statuary, layout_loops_ring, nicolae_shop_vocational
D:2:      layout_loops_ring, shapermc_ecumenical_altar_starsandcircs,
          uniq_jessica, uniq_crazy_yiuf_cottage

Skill      XL: |  1  2  3 |
---------------+----------+-----
Dodging        | 2 |  2.0
Stealth        | 2 |  2.0
Spellcasting   | 2 |  2.8
Conjurations   | 4 |  4.0
Ice Magic      | 1 |  1.8

Action                   |  1- 3 |  4- 6 || total
-------------------------+-------+-------++-------
Melee: Unarmed           |     8 |       ||     8
       Punch             |     1 |       ||     1
       Dagger            |    16 |       ||    16
 Cast: Magic Dart        |    77 |       ||    77
       Searing Ray       |     1 |     1 ||     2
Armor: Robe              |     7 |       ||     7
Dodge: Dodged            |    22 |     1 ||    23

Table legend: (Time is in decaauts)
 A = Elapsed time spent in this place.
 B = Non-inter-level travel time spent in this place.
 C = Inter-level travel time spent in this place.
 D = Time resting spent in this place.
 E = Time spent auto-exploring this place.
 F = Levels seen in this place.
 G = Mean time per level.
                   A        B        C        D        E       F      G
               +--------+--------+--------+--------+--------+-----+--------+
         Total |   1507 |   1479 |     28 |    425 |    243 |   2 |  753.5 |
       Dungeon |   1507 |   1479 |     28 |    425 |    243 |   2 |  753.5 |
               +--------+--------+--------+--------+--------+-----+--------+

Top non-repeatable levels by time:
     D:2: 771 daAuts
     D:1: 736 daAuts
